 Dungeon Crawl Stone Soup version 0.23.2-33-g5129a83184 (webtiles) character file.

Game seed: 9991908604878445575

3096 AarnesTheHuman the Infuser (level 9, -17/71 HPs)
             Began as a Merfolk Skald on Aug 6, 2019.
             Was a Priest of Sif Muna.
             Shot with an arrow by a centaur warrior (32 damage)
             ... on level 9 of the Dungeon.
             The game lasted 00:29:12 (10079 turns).

AarnesTheHuman the Infuser (Merfolk Skald)         Turns: 10079, Time: 00:29:13

Health: -17/71     AC:  6    Str: 12    XL:     9   Next: 90%
Magic:  16/18      EV: 16    Int: 14    God:    Sif Muna [***...]
Gold:   422        SH:  0    Dex: 14    Spells: 11/20 levels left

rFire    + . .     SeeInvis .   a - +1 spear
rCold    . . .     Gourm    .   (no shield)
rNeg     . . .     Faith    .   b - +1 leather armour
rPois    .         Spirit   .   v - +1 hat
rElec    .         Reflect  .   (no cloak)
rCorr    .         Harm     .   y - +0 pair of gloves
MR       .....                  (no boots)
Stlth    +.........             t - amulet of regeneration
HPRegen  0.61/turn              o - ring of protection from fire
MPRegen  0.16/turn              (no ring)

@: no status effects
A: change form in water, swift swim, stealthy swim
a: Divine Energy, Channel Magic, Renounce Religion


You were on level 9 of the Dungeon.
You worshipped Sif Muna.
Sif Muna was most pleased with you.
You were not hungry.

You visited 1 branch of the dungeon, and saw 9 of its levels.
You also visited: Sewer.

You collected 422 gold pieces.

Inventory:

Hand Weapons
 a - a +1 spear (weapon)
 g - a +1 dagger of venom
 E - the +2 long sword of Freehold {slice, rElec, unknown}
   (You found it on level 9 of the Dungeon)

   It inflicts extra damage upon your enemies.
   It insulates you from electricity.
Armour
 b - a +1 leather armour (worn)
 v - a +1 hat (worn)
 y - a +0 pair of gloves (worn)
Jewellery
 o - a ring of protection from fire (left hand)
 t - an amulet of regeneration (around neck)
 z - an uncursed amulet of rage {unknown}
Wands
 l - a wand of digging (6)
 p - a wand of enslavement (14)
 A - a wand of flame (23)
 C - a wand of disintegration (13)
Scrolls
 c - 8 scrolls of remove curse
 e - 6 scrolls of teleportation
 f - 5 scrolls of identify
 j - 4 scrolls of amnesia
 s - 4 scrolls of enchant weapon
 w - 2 scrolls of fog
 D - a scroll of enchant armour
Potions
 h - 3 potions of lignification
 i - 3 potions of brilliance
 k - 2 potions of magic
 m - 3 potions of flight {unknown}
 n - 7 potions of heal wounds
 q - 6 potions of curing
 r - a potion of might {unknown}
 u - 2 potions of cancellation {unknown}
 x - 2 potions of ambrosia
 B - 2 potions of haste {unknown}
Comestibles
 d - 12 rations


   Skills:
 + Level 6.4 Fighting
 + Level 6.5 Polearms
 - Level 0.6 Armour
 + Level 7.6 Dodging
 + Level 6.1 Spellcasting
 - Level 3.2 Hexes
 - Level 8.5 Charms


You had 11 spell levels left.
You knew the following spells:

 Your Spells              Type           Power        Failure   Level  Hunger
a - Infusion              Chrm           ####         1%          1    None
b - Spectral Weapon       Hex/Chrm       ###.....     5%          3    ###....
c - Regeneration          Chrm/Necr      ###.......   11%         3    ###....
d - Shroud of Golubria    Chrm/Tloc      ###.......   5%          2    #......

Your spell library contained the following spells:

 Spells                   Type           Power        Failure   Level  Hunger
 Song of Slaying          Chrm           ####....     1%          2    #......
 Beastly Appendage        Tmut           #.....       21%         1    None
 Sticks to Snakes         Tmut           #.......     30%         2    #......
 Spider Form              Tmut/Pois      #.........   52%         3    ###....
 Ice Form                 Ice/Tmut       #.......     89%         4    ####...
 Blade Hands              Tmut           #.........   99%         5    ######.


Dungeon Overview and Level Annotations

Branches:
Dungeon (9/15)             Temple (0/1) D:7
   Lair: D:8-11         Orc: D:9-12

Altars:
Ashenzari
Cheibriados
Dithmenos
Elyvilon
Fedhas
Hepliaklqana
Kikubaaqudgha
Nemelex Xobeh
Okawaru
Sif Muna
Yredelemnul
Zin
The Shining One

Annotations:
D:5 exclusion: downstairs
D:6 2 transporters, Sigmund


Message History

The centaur warrior shoots an arrow.
The arrow hits you!!
* * * LOW HITPOINT WARNING * * *
You see here an arrow.
Casting: Infusion (safe; 1% risk of failure)
Confirm with . or Enter, or press ? or * to list all spells.
You draw out your weapon's spirit!
The centaur warrior shoots an arrow.
The arrow hits you!
* * * LOW HITPOINT WARNING * * *
You swap places.
You feel much better.
The centaur warrior shoots an arrow.
The arrow hits your spectral weapon!
Your spectral weapon shares its damage with you!
The centaur warrior shoots an arrow.
The arrow hits your spectral weapon!!
Your spectral weapon shares its damage with you!
Your spectral weapon fades away.
The centaur warrior shoots an arrow.
The arrow hits you!
* * * LOW HITPOINT WARNING * * *
You see here an arrow.
The centaur warrior shoots an arrow.
The arrow hits you!!
You die...

#....## #...###............#
#.#### #..................# #.#
#..................# ##.#
##..................# ...#
##...................# .#..#
#...#................# .#.....
.........#...###c###.#
##.#####....##.>...####..###.#
...# #.........@.## ##.###..# .
#.## ##.###.#...#((###(.# #(####.
................##..(c..# #.(....
............##..######..###......
#..........[....#####.....#......
#................................
.............##....##.####.......
..............<............<.....
..........................##.....


You could see a centaur warrior.

Vanquished Creatures
  A hippogriff (D:8)
  A hungry ghost (D:7)
  2 sky beasts (D:8)
  4 ogres
  2 phantoms
  3 centaurs
  2 big kobolds
  A bullfrog (D:6)
  A water moccasin zombie (D:8)
  A water moccasin skeleton (D:8)
  2 scorpions
  5 killer bees
  2 howler monkeys
  4 crimson imps
  A bullfrog zombie (D:8)
  5 hounds
  2 quasits (D:8)
  2 bullfrog skeletons
  A jelly (D:5)
  An orc wizard (D:2)
  A gnoll shaman (D:5)
  6 worker ants
  A hound skeleton (D:7)
  A hound zombie (D:6)
  18 adders
  6 gnolls
  7 river rats (Sewer)
  A shadow imp (D:8)
  3 oozes
  2 adder skeletons
  An adder zombie (D:8)
  A worm (D:2)
  A dart slug (D:2)
  4 leopard geckos
  7 orcs
  5 giant cockroaches
  2 gnoll zombies (D:3)
  9 goblins
  7 hobgoblins
  4 jackals
  29 kobolds
  4 quokkas
  5 ball pythons (Sewer)
  3 bats (D:1)
  7 frilled lizards
  A jackal skeleton (D:5)
  A leopard gecko skeleton (D:8)
  2 quokka skeletons
  25 rats
207 creatures vanquished.

Vanquished Creatures (others)
  A kobold (D:8)
  13 spectral weapons
14 creatures vanquished.

Grand Total: 221 creatures vanquished

Notes
Turn   | Place    | Note
-------+----------+-------------------------------------------
     0 | D:1      | AarnesTheHuman the Merfolk Skald began the quest for the
                  | Orb.
     0 | D:1      | Reached XP level 1. HP: 16/16 MP: 3/3
   357 | D:1      | Reached XP level 2. HP: 18/23 MP: 0/5
   770 | D:1      | Reached XP level 3. HP: 20/28 MP: 1/6
   916 | D:1      | Learned a level 3 spell: Spectral Weapon
   979 | D:2      | Found a deep blue altar of Sif Muna.
   999 | D:2      | Became a worshipper of Sif Muna the Loreminder
  1038 | D:2      | Found a blossoming altar of Fedhas.
  1528 | D:2      | Reached XP level 4. HP: 10/34 MP: 1/7
  1624 | D:2      | Learned a level 3 spell: Regeneration
  1624 | D:2      | Found a shattered altar of Ashenzari.
  1684 | D:2      | Reached skill level 4 in Charms
  2521 | D:3      | Found a basalt altar of Yredelemnul.
  2615 | D:3      | Reached skill level 1 in Hexes
  2615 | D:3      | Reached XP level 5. HP: 40/41 MP: 4/9
  2810 | D:3      | Found a faded altar of an unknown god.
  2831 | D:3      | Reached * piety under Sif Muna
  3406 | D:4      | Found a glowing drain.
  3467 | Sewer    | Entered a sewer
  3981 | Sewer    | Reached XP level 6. HP: 47/47 MP: 7/10
  4282 | Sewer    | HP: 2/47 [river rat (4)]
  4285 | Sewer    | Reached ** piety under Sif Muna
  4802 | D:4      | Learned a level 2 spell: Shroud of Golubria
  4949 | D:4      | Identified the cursed +2 shortbow of Woe {venom, +Blink
                  | +Fly rF+ Int-3}
  5067 | D:4      | Reached skill level 5 in Charms
  5186 | D:4      | Noticed a phantom
  5225 | D:4      | Killed a phantom
  5225 | D:4      | Reached XP level 7. HP: 34/53 MP: 5/12
  5905 | D:5      | Entered Level 5 of the Dungeon
  5978 | D:5      | Found a shadowy altar of Dithmenos.
  5983 | D:5      | Found an iron altar of Okawaru.
  5989 | D:5      | Found a glowing golden altar of the Shining One.
  6093 | D:5      | Reached skill level 5 in Dodging
  6247 | D:5      | Reached skill level 6 in Charms
  6247 | D:5      | Reached XP level 8. HP: 32/60 MP: 9/14
  6670 | D:5      | Found a glowing silver altar of Zin.
  6673 | D:5      | Found a hazy altar of Hepliaklqana.
  6676 | D:5      | Found a white marble altar of Elyvilon.
  6806 | D:6      | Noticed Sigmund
  6880 | D:6      | Reached skill level 5 in Spellcasting
  6899 | D:6      | Reached *** piety under Sif Muna
  7129 | D:6      | Reached skill level 7 in Charms
  7166 | D:6      | Found a basalt altar of Yredelemnul.
  7322 | D:6      | Reached skill level 5 in Fighting
  7336 | D:6      | Found a transporter.
  7337 | D:6      | Noticed a wyvern
  7338 | D:6      | Found a transporter.
  7338 | D:6      | Found a sparkling altar of Nemelex Xobeh.
  7556 | D:7      | Found a staircase to the Ecumenical Temple.
  8016 | D:7      | Reached XP level 9. HP: 64/68 MP: 17/17
  8510 | D:8      | Reached skill level 5 in Polearms
  9042 | D:8      | Reached skill level 8 in Charms
  9164 | D:8      | Found an ancient bone altar of Kikubaaqudgha.
  9896 | D:9      | Found a snail-covered altar of Cheibriados.
 10035 | D:9      | Got a faintly glowing long sword
 10060 | D:9      | Noticed a centaur warrior
 10079 | D:9      | Shot with an arrow by a centaur warrior

Skill      XL: |  1  2  3  4  5  6  7  8  9 |
---------------+----------------------------+-----
Dodging        | 3 4 5 6 7 |  7.6
Charms         | 4 5 6 7 8 |  8.5
Fighting       | 3 4 5 6 |  6.4
Hexes          | 1 2 3 |  3.2
Spellcasting   | 3 4 5 6 |  6.1
Polearms       | 4 6 |  6.5
Armour         | |  0.6

Action                   |  1- 3 |  4- 6 |  7- 9 || total
-------------------------+-------+-------+-------++-------
Melee: Spear             |   159 |   356 |   596 ||  1111
       Tailslap          |       |     5 |       ||     5
 Cast: Infusion          |    10 |    23 |    25 ||    58
       Spectral Weapon   |       |     3 |    25 ||    28
       Shroud of Golubri |       |       |     1 ||     1
  Use: Potion            |       |     3 |     3 ||     6
       Scroll            |       |    13 |     4 ||    17
 Stab: Sleeping          |       |     3 |     3 ||     6
       Distracted        |       |       |     1 ||     1
  Eat: Chunk             |     2 |    13 |    12 ||    27
       Ration            |       |       |     3 ||     3
Armor: Leather armour    |    19 |    57 |    83 ||   159
       Skin              |       |    10 |       ||    10
Dodge: Dodged            |    58 |   185 |   367 ||   610
